 Dungeon Crawl Stone Soup version 0.21-a0-67-g3f13d09 (webtiles) character file.

349 Ijustatesigmund the Sneak (level 6, -2/43 HPs)
             Began as an Octopode Assassin on June 17, 2017.
             Killed from afar by an orc wizard (12 damage)
             ... with a magic dart
             ... on level 4 of the Dungeon.
             The game lasted 00:05:58 (2621 turns).

Ijustatesigmund the Sneak (Octopode Assassin)       Turns: 2621, Time: 00:05:59

Health: -2/43      AC:  1    Str: 10    XL:     6   Next: 60%
Magic:  6/6        EV: 15    Int: 14    God:
Gold:   233        SH:  0    Dex: 15    Spells: 5/5 levels left

rFire    . . .     SeeInvis +   k - +1 short sword (speed)
rCold    . . .     Gourm    .   (no shield)
rNeg     . . .     Faith    .   (helmet restricted)
rPois    .         Spirit   .   (no amulet)
rElec    .         Reflect  .   i - ring of see invisible
rCorr    .         Harm     .   (no ring)
MR       .....                  (no ring)
Stlth    ++++......             (no ring)
HPRegen  0.14/turn              (no ring)
MPRegen  0.10/turn              (no ring)
                                (no ring)
                                (no ring)

@: no status effects
A: almost no armour, stealthy swim, amphibious, 8 rings, constrict 8, camouflage
1, gelatinous body 1
a: no special abilities


You were on level 4 of the Dungeon.
You were not hungry.

You visited 1 branch of the dungeon, and saw 4 of its levels.

You collected 233 gold pieces.

Inventory:

Hand Weapons
 a - a +2 dagger
 b - a +0 blowgun
 k - a +1 short sword of speed (weapon)
Missiles
 c - 40 poisoned needles
 d - 2 curare-tipped needles
Jewellery
 i - a ring of see invisible (left tentacle)
Wands
 l - a wand of polymorph (24/24)
Scrolls
 e - 2 scrolls of remove curse
 h - a scroll of teleportation
Comestibles
 f - 2 bread rations
 j - 3 royal jellies


   Skills:
 + Level 4.1 Fighting
 + Level 3.7 Short Blades
 - Level 2.0 Throwing
 - Level 4.2 Dodging
 - Level 5.3 Stealth


You had 5 spell levels left.
You didn't know any spells.

Dungeon Overview and Level Annotations

Branches:
Dungeon (4/15)
 Temple: D:4-7

Altars:


Innate Abilities, Weirdness & Mutations

You cannot wear most types of armour.
You are very stealthy in the water. (Stealth+)
You are amphibious.
You can wear up to eight rings at the same time.
You can use your tentacles to constrict eight enemies at once.
Your skin changes colour to match your surroundings (Stealth+).
Your rubbery body absorbs attacks. (AC +1, EV +1)


Message History

The puff of flame misses you.
The puff of flame hits the orc.
The orc hits you with a short sword.
You barely miss the orc. Your grab misses the orc.
The orc is severely wounded.
The orc closely misses you.
The orc wizard gestures at you while chanting.
The puff of frost hits you!
You are too injured to fight recklessly!
You are too injured to fight recklessly!
You are too injured to fight recklessly!
You are too injured to fight recklessly!
You are too injured to fight recklessly!
The orc barely misses you. The orc wizard casts a spell at you.
The puff of frost hits you!
* * * LOW HITPOINT WARNING * * *
The orc misses you. The orc wizard casts a spell at you.
The magic dart hits you!
You die...

##########
#........#
#........#
#.†......#
#........##
#....<....###
#.......@...#
#########.#.#
####o#.# #
##..oo..#....
#............
#.....).......
#........?....
#?............
#.............


You could see an orc wizard and an orc.

Vanquished Creatures
  Sigmund (D:2)
  An iguana (D:3)
  An orc wizard (D:4)
  An adder (D:2)
  4 gnolls (D:3)
  An ooze (D:3)
  2 worms
  A dart slug (D:2)
  A leopard gecko (D:3)
  4 orcs (D:3)
  5 bats
  5 giant cockroaches
  8 goblins
  12 hobgoblins
  2 jackals (D:1)
  A quokka (D:3)
  3 ball pythons
  2 frilled lizards
  9 kobolds
  7 rats
71 creatures vanquished.

Notes
Turn   | Place    | Note
-------+----------+-------------------------------------------
     0 | D:1      | Ijustatesigmund the Octopode Assassin began the quest for the Orb.
     0 | D:1      | Reached XP level 1. HP: 14/14 MP: 1/1
    23 | D:1      | You fall through a shaft!
    24 | D:2      | Reached XP level 2. HP: 20/20 MP: 2/2
   253 | D:1      | Reached XP level 3. HP: 20/26 MP: 3/3
  1065 | D:2      | Reached XP level 4. HP: 31/31 MP: 4/4
  1174 | D:2      | Noticed Sigmund
  1194 | D:2      | Killed Sigmund
  1194 | D:2      | Reached XP level 5. HP: 26/36 MP: 5/5
  1281 | D:2      | Found a faded altar of an unknown god.
  1492 | D:3      | Reached XP level 6. HP: 42/42 MP: 6/6
  2621 | D:4      | Killed from afar by an orc wizard

Vault maps used:
D:1:      nicolae_arrival_memento_mori
D:2:      chequers_ecumenical_altar_twisty, first_bread, uniq_sigmund
D:4:      serial_shops, nicolae_shop_behind_doors

Skill      XL: |  1  2  3  4  5  6 |
---------------+-------------------+-----
Fighting       | 3 4 |  4.1
Short Blades   | 3 |  3.7
Dodging        | 4 |  4.2
Throwing       | |  2.0
Stealth        | |  5.3

Action                   |  1- 3 |  4- 6 || total
-------------------------+-------+-------++-------
Melee: Dagger            |    69 |    47 ||   116
       Constrict         |    18 |    16 ||    34
       Tentacles         |    13 |    10 ||    23
       Short sword       |       |    43 ||    43
 Fire: Blowgun           |       |     7 ||     7
  Use: Scroll            |     4 |     3 ||     7
       Potion            |       |     1 ||     1
 Stab: Sleeping          |     8 |     8 ||    16
  Eat: Chunk             |       |     5 ||     5
Armor: Skin              |     8 |     4 ||    12
Dodge: Dodged            |    47 |    43 ||    90
